 Dungeon Crawl Stone Soup version 0.29.1-1-gd02db6906a (webtiles) character file.

Game seed: 17630798065303054382

81 Gurantaxtaxq the Chiller (level 4, -3/33 HPs)
             Began as a Draconian Ice Elementalist on Sept 22, 2022.
             Slain by a goblin
             ... wielding a +0 club
             ... led by Robin
              (5 damage)
             ... on level 3 of the Dungeon.
             The game lasted 00:18:46 (2017 turns).

Gurantaxtaxq the Chiller (DrIE)                     Turns: 2017, Time: 00:18:46

Health: -3/33      AC:  5    Str: 11    XL:     4   Next: 19%
Magic:  1/8        EV: 12    Int: 17    God:
Gold:   102        SH:  0    Dex: 11    Spells: 2/9 levels left

rFire   x . .      SeeInvis .   r - +0 whip (venom)
rCold   + . .      Faith    .   (no shield)
rNeg    . . .      Spirit   .   (body armour unavailable)
rPois   .          Reflect  .   (helmet restricted)
rElec   .          Harm     .   (no cloak)
rCorr   .          Rampage  .   (no gloves)
Will    .....                   (no boots)
Stlth   ++........              (no amulet)
HPRegen 0.11/turn               f - ring of ice
MPRegen 0.11/turn               (no ring)

@: no status effects
A: AC +5, unfitting armour, cold-blooded
a: no special abilities


You were on level 3 of the Dungeon.
You visited 1 branch of the dungeon, and saw 3 of its levels.

You collected 102 gold pieces.

Inventory:

Hand Weapons
 b - a +0 dagger
 r - a +0 whip of venom (weapon)
Missiles
 c - 19 stones
Jewellery
 f - a ring of ice (left hand)
Scrolls
 g - a scroll of amnesia {unknown}
 i - 2 scrolls of fear {unknown}
 l - 2 scrolls of blinking {unknown}
 m - a scroll of noise {unknown}
 n - a scroll of enchant armour {unknown}
 o - 3 scrolls of identify {unknown}
 p - a scroll of teleportation {unknown}
 q - a scroll of vulnerability {unknown}
Potions
 a - a potion of magic
 d - a potion of resistance {unknown}
 e - a potion of flight {unknown}
 h - a potion of might {unknown}
 j - a potion of heal wounds {unknown}
 k - 2 potions of curing {unknown}


   Skills:
 - Level 1.7 Dodging
 - Level 1.7 Stealth
 + Level 3.2 Spellcasting
 + Level 4.9 Ice Magic


You had 2 spell levels left.
You knew the following spells:

 Your Spells              Type           Power      Damage    Failure   Level
a - Freeze                Ice            100%       1d11      2%          1
b - Frozen Ramparts       Ice            58%        1d9       7%          3
c - Ozocubu's Armour      Ice            29%        N/A       7%          3

Your spell library contained the following spells:

 Spells                   Type           Power      Damage    Failure   Level
 Tukima's Dance           Hex            2%         N/A       45%         3
 Hailstorm                Conj/Ice       16%        3d6       52%         4
 Passage of Golubria      Tloc           2%         N/A       86%         4
 Yara's Violent Unravell  Hex/Tmut       1%         3d3       99%         5


Dungeon Overview and Level Annotations

Branches:
Dungeon (3/15)

Altars:

Shops:
D:2 (

Annotations:
D:3 Robin


Innate Abilities, Weirdness & Mutations

Your plain brown scales are hard. (AC +5)
You cannot fit into any form of body armour.
You are cold-blooded and may be slowed by cold attacks.


Message History

The goblin is severely wounded.
The goblin hits you but does no damage.
Aiming: Freeze (safe; 2% risk of failure)
Press: ? - help, Q - select action, (/) - cycle Shift-Dir - straight line, f/p - goblin
Aim: a goblin, wielding a +0 dagger (severely wounded, strong)
You feel a surge of power!
You freeze the goblin!
You kill the goblin!
The goblin hits you with a +0 club.
Aiming: Freeze (safe; 2% risk of failure)
Press: ? - help, Q - select action, (/) - cycle Shift-Dir - straight line, f - Robin
Aim: Robin, wielding a +4 club, wearing a +0 animal skin and wearing a +2 helmet You feel a surge of power!
You freeze Robin.
Robin is lightly wounded.
A ball python comes into view.
The goblin closely misses you. The goblin hits you but does no damage.
A goblin comes into view. It is wielding a +0 club.
Robin hits you with a +4 club.
Aiming: Freeze (safe; 2% risk of failure)
Press: ? - help, Q - select action, (/) - cycle Shift-Dir - straight line, f/p - Robin
Aim: Robin, wielding a +4 club, wearing a +0 animal skin and wearing a +2 helmet (lightly wounded)
You feel a surge of power!
You freeze Robin.
Robin is heavily wounded.
The goblin hits you with a +0 club. The goblin barely misses you.
Robin hits you with a +4 club.
You don't have enough magic to cast this spell.
You don't have enough magic to cast this spell.
You hit Robin but do no damage.
Robin is poisoned.
Robin is heavily wounded.
The goblin closely misses you. The goblin hits you with a +0 club.
* * * LOW HITPOINT WARNING * * *
Robin closely misses you.
You hit Robin but do no damage.
Robin is heavily wounded.
The goblin hits you but does no damage. The goblin barely misses you.
Robin hits you with a +4 club.
* * * LOW HITPOINT WARNING * * *
You hit Robin.
Robin looks as sick as possible!
Robin is almost dead.
The goblin misses you. The goblin hits you with a +0 club.
You die...

###########.##
#............#
#<#########.##
#.#########.#
#.#.........#
#.#.######..#
#.#.# #..#
#.#.# #))#
#.#.# #g@#
#.#.# #gg#
#)#.# #.gS
#.#.### #.g..
#.....#########
###....<#
###.#.# #.#.#
#.#.#


You could see Robin (extremely poisoned), 4 goblins and a ball python.

Vanquished Creatures
  An adder (D:2)
  A worm (D:2)
  A dart slug (D:2)
  2 orcs
  3 ball pythons
  7 endoplasms
  3 giant cockroaches
  13 goblins
  3 hobgoblins
  3 jackals (D:1)
  6 bats
  4 frilled lizards
  6 kobolds
  9 rats
62 creatures vanquished.

Notes
Turn   | Place    | Note
-------+----------+-------------------------------------------
     0 | D:1      | Gurantaxtaxq the Draconian Ice Elementalist began the quest
                  | for the Orb.
     0 | D:1      | Reached XP level 1. HP: 14/14 MP: 3/3
   158 | D:1      | Reached XP level 2. HP: 17/20 MP: 0/5
   633 | D:1      | You fall into a shaft and drop 1 floor!
   982 | D:1      | Found a faded altar of an unknown god.
  1021 | D:1      | Reached XP level 3. HP: 26/26 MP: 5/7
  1026 | D:1      | Learned a level 3 spell: Frozen Ramparts
  1030 | D:1      | Learned a level 3 spell: Ozocubu's Armour
  1541 | D:2      | Found Peterryw's Weapon Emporium.
  1872 | D:2      | Reached XP level 4. HP: 33/33 MP: 4/8
  2004 | D:3      | Noticed Robin
  2017 | D:3      | Slain by a goblin

Illustrated notes

Levels and vault maps discovered:
D:1:      elethiomel_arrival_infinity_welcomes_careful_drivers, layout_basic,
          shapermc_ecumenical_altar_gd, serial_curves, eino_curves_02,
          eino_curves_02, minmay_domino_4
D:2:      layout_basic, serial_shops, nicolae_shop_bloodbath_and_beyond
D:3:      corexii_shack_village, layout_loops_ring, nicolae_ru_awakened_eye,
          mainiacjoe_overflow_small_starburst, uniq_robin, uniq_terence

Skill      XL: |  1  2  3 |
---------------+----------+-----
Spellcasting   | 3 |  3.2
Dodging        | |  1.7
Stealth        | |  1.7
Ice Magic      | |  4.9

Action                   |  1- 3 |  4- 6 || total
-------------------------+-------+-------++-------
Melee: Dagger            |    45 |       ||    45
       Tailslap          |     8 |     2 ||    10
       Unarmed           |     2 |       ||     2
       Whip              |       |    18 ||    18
 Cast: Freeze            |    59 |     8 ||    67
 Stab: Sleeping          |     1 |     1 ||     2
Armor: Skin              |    29 |     9 ||    38
Dodge: Dodged            |    38 |    19 ||    57
